Map: Void Launch

Players

wasp

  • Race: Protoss Protoss

larsgj

  • Race: Terran Terran

VOD

Have the link to the VOD?

Description

Time

  • Played on: Oct. 7, 2018, 6:41 a.m.
  • Length: 26:02
Show
View Real Time Build Order
Export as new Build Order

wasp Protoss 

Build Orders:  

Get SALT Encoding   

  1  0:00  Probe x12 (Chrono Boost)  
    0:10  Unknown x2  
  12  0:28  Pylon  
  12  0:56  Pylon  
  12  1:16  Gateway  
  12  1:32  Forge  
  12  1:42  Assimilator  
  12  1:52  Assimilator  
  12  2:05  Forge  
  12  2:30  Cybernetics Core  
  12  2:31  Zealot  
  14  3:12  Zealot  
  16  4:06  Probe (Chrono Boost)  
  17  4:20  Probe (Chrono Boost)  
  18  4:34  Probe (Chrono Boost)  
  19  4:48  Probe (Chrono Boost)  
  20  4:51  Robotics Facility  
  20  5:02  Probe (Chrono Boost)  
  21  5:12  Twilight Council  
  21  5:13  Zealot x2  
  21  5:16  Probe (Chrono Boost)  
  26  6:22  Immortal  
  30  6:42  Stargate  
  30  7:19  Pylon  
  30  7:34  Pylon  
  30  9:08  Immortal  
  34  9:13  Phoenix x2  
  34  9:14  Phoenix  
  34  9:17  Zealot x2  
  34  9:18  Zealot  
  46  11:40  Pylon  
  46  11:48  Pylon  
  46  11:59  Pylon  
  46  12:27  Pylon  
  46  12:36  Zealot x2  
  46  12:37  Zealot  
  52  12:41  Phoenix  
  52  12:42  Phoenix x2  
  52  12:48  Immortal  
  18  15:23  Zealot  
  18  15:27  Phoenix x3  
  26  15:34  Immortal  
  26  15:35  Immortal  
  26  15:36  Immortal  
  38  15:41  Zealot  
  38  15:42  Zealot  
  42  16:44  Zealot  
  42  16:45  Zealot  
  42  16:49  Phoenix x2  
  50  16:51  Phoenix  
  52  18:32  Phoenix x3  
  52  18:37  Immortal  
  62  18:41  Zealot  
  64  19:09  Phoenix  
  66  19:12  Zealot  
  52  21:21  Zealot x3  
  52  21:25  Phoenix x2  
  52  21:26  Phoenix  
  64  21:31  Immortal  
  68  23:38  Phoenix  
  70  23:58  Pylon  
  70  24:06  Pylon  
  70  24:14  Pylon  
  70  24:32  Dragoon  
  70  24:33  Dragoon x2  
  70  24:37  Phoenix  
  70  24:38  Phoenix  
  70  24:39  Phoenix  
Show
View Real Time Build Order
Export as new Build Order

larsgj Terran 

Build Orders:  

Get SALT Encoding   

  1  0:00  Orbital Command, SCV x12  
    0:10  Unknown  
    0:14  SCV  
  13  0:31  SCV  
  13  0:39  Supply Depot  
  14  0:53  Supply Depot  
  14  1:01  SCV  
  15  1:15  Barracks  
  15  1:27  SCV  
  16  1:42  Refinery  
  16  1:43  SCV  
  16  1:46  Refinery  
  16  1:47  Marine  
  18  2:02  SCV  
  18  2:09  Marine  
  19  2:19  SCV, Marine  
  21  2:29  Marine  
  22  2:35  SCV  
  22  2:39  Marine  
  24  2:49  Marine  
  25  2:52  SCV  
  27  3:00  Marine  
  27  3:09  SCV  
  29  3:10  Marine  
  30  3:20  Marine  
  31  3:30  Barracks  
  31  3:43  Marine, Supply Depot  
  31  3:47  SCV  
  33  3:53  Marine  
  34  4:18  Barracks Tech Lab  
  34  4:20  Factory  
  34  4:22  Barracks Tech Lab  
  34  4:32  Engineering Bay  
  34  4:56  Marine x2  
  36  5:28  Command Center  
  36  5:30  Marine  
  36  5:32  Medic  
  39  6:25  Missile Turret  
  39  6:39  Supply Depot  
  39  6:42  SCV, Supply Depot  
  40  6:57  Missile Turret  
  40  6:59  SCV  
  41  7:12  SCV  
  41  7:16  SCV  
  41  7:18  Refinery  
  43  7:24  Refinery  
  43  7:29  SCV  
  44  7:32  Marine x2  
  44  7:33  SCV  
  47  7:42  Marine  
  48  7:50  SCV  
  48  7:54  SCV  
  50  8:11  SCV  
  50  8:18  Unknown  
  51  8:28  SCV  
  52  8:45  SCV x2  
  54  8:55  Starport  
  54  8:57  Starport  
  54  9:02  SCV x2  
  54  9:04  Armory  
  56  9:13  Stabilizer Medpacks  
  56  9:19  SCV  
  57  9:34  Orbital Command  
  57  9:36  SCV  
  58  10:16  Starport Tech Lab  
  58  10:19  Starport Tech Lab  
  57  10:32  Terran Vehicle and Ship Weapons Level 1  
  57  10:34  Fusion Core  
  44  11:52  Marine x2  
  43  12:02  Medic x2  
  43  12:07  Battlecruiser  
  43  12:08  Battlecruiser  
  47  12:12  Marine  
  47  12:13  Marine  
  61  12:22  Marine  
  61  12:23  Medic  
  61  12:25  Starport  
  64  12:33  Marine, Medic  
  64  12:38  Orbital Command  
  67  12:54  SCV  
  68  13:11  SCV  
  68  13:12  Advanced Optics  
  69  13:28  SCV  
  70  13:39  Supply Depot  
  70  13:40  Battlecruiser, Supply Depot  
  70  13:41  Battlecruiser  
  70  13:42  Supply Depot  
  70  13:44  Supply Depot  
  70  13:45  SCV  
  83  13:52  Supply Depot  
  83  13:54  Supply Depot  
  83  13:56  Supply Depot  
  83  14:00  Supply Depot  
  83  14:02  SCV  
  83  14:07  Weapon Refit  
  84  15:12  Afterburners  
  84  15:29  Battlecruiser x2  
  96  15:44  Starport Tech Lab  
  96  16:12  Battlecruiser x2, Terran Vehicle And Ship Armor Level 1  
  94  18:16  Battlecruiser x2  
  106  18:30  Battlecruiser  
  112  18:49  SCV  
  112  18:52  Terran Vehicle and Ship Weapons Level 2  
  112  18:58  Battlecruiser x2  
  111  19:06  SCV  
  123  19:12  Medic x2  
  127  19:22  Medic  
  127  19:23  SCV, Medic  
  132  19:33  Medic  
  134  21:00  Medic, Supply Depot  
  134  21:01  Battlecruiser  
  134  21:02  Supply Depot  
  134  21:03  Medic  
  134  21:04  Supply Depot  
  134  21:05  Battlecruiser x2, Supply Depot x2, SCV  
  134  21:08  Supply Depot  
  157  21:11  Medic  
  159  21:22  SCV  
  160  21:43  Battlecruiser  
  160  21:48  Battlecruiser x2  
  178  22:04  Supply Depot  
  178  22:06  Supply Depot  
  178  22:08  Supply Depot  
  178  22:10  Terran Vehicle And Ship Armor Level 2  
  178  22:11  Supply Depot  
  178  23:47  Battlecruiser x3  
Tags
 
Commander
ArtanisRaynor
Matchup
Co-op
Replay Pack
Multiplayer
Add a new tag
Caveats
  • Supply blocks, unpowered buildings, or Contaminate may cause inaccurate times.
  • Supply counts are checked every 10 seconds.